Unix NetHack Version 3.7.0-94 Work-in-progress - last build Dec 18 2023 00:11:04 (7e3deff068b9ef4f2ebb9a71ea0f5c4a3b578a14,branch:master). Game began 2023-12-30 10:28:52, ended 2023-12-30 11:41:59. elenmirie, lawful female human Knight ------- |..|..----- ----------------.........| |.........@@@.@.@-...|...| |+------------.....-.---.| |.........| --.|........| |.........| |.--..----.| |.........| |..|.......| |.......1.| |-.........| |....<....| |.00|...|0.| |.........| |.-.-----..| |.........| |..........| |.........| -------->0-- ----------- ---- Elenmirie the Bachelor St:16 Dx:12 Co:15 In:9 Wi:14 Ch:17 Lawful Dlvl:5 $:278 HP:0(66) Pw:56(56) AC:3 Xp:8/1728 T:8646 Latest messages: The rothe bites! You kill the rothe! You see here a rothe corpse. There is a rothe corpse here; eat it? [ynq] (n) y This rothe corpse tastes okay. You finish eating the rothe corpse. You stop searching. The soldier throws a spear! The spear misses the soldier. The spear misses the snake. A spear misses you. The soldier throws a spear! The spear misses the soldier. The spear hits the soldier! You hit the snake! The snake bites! The soldier throws a knife! The knife hits the soldier. You kill the snake! The soldier picks up a spear. The soldier wields a short sword! You see here a scroll of create monster. The soldier picks up a knife. G - a scroll of create monster. The soldier thrusts her short sword. The soldier hits! The soldier throws a knife! The knife hits the soldier. You see here a corroded spear. You miss the soldier. The soldier thrusts her short sword. The soldier hits! The soldier throws a spear! The spear misses the soldier. You are almost hit by a spear. You hit the soldier! The soldier thrusts her short sword. The soldier hits! The soldier picks up a knife. Are you sure you want to pray? [yn] (n) y You begin praying to Lugh. The soldier wields a knife! The soldier thrusts her short sword. The soldier hits! You die... Do you want your possessions identified? [ynq] (y) y Do you want to see your attributes? [ynq] (y) y Do you want an account of creatures vanquished? [ynaq] (y) y Do you want to see your conduct and achievements? [ynq] (y) y Do you want to see the dungeon overview? [ynq] (y) y Inventory: Coins $ - 278 gold pieces Weapons a - the blessed rustproof +1 Excalibur (weapon in right hand) b - an uncursed +1 lance (alternate weapon; not wielded) Armor d - an uncursed +0 helmet (being worn) f - an uncursed +0 pair of leather gloves (being worn) n - an uncursed +0 small shield (being worn) c - an uncursed +1 ring mail (being worn) Comestibles h - 14 uncursed carrots E - an uncursed food ration l - 3 uncursed tripe rations Scrolls G - an uncursed scroll of create monster A - an uncursed scroll of earth y - a cursed scroll of earth Potions B - an uncursed potion of object detection Rings x - an uncursed ring of shock resistance t - an uncursed ring of warning (on right hand) Wands j - an uncursed wand of polymorph (0:5) z - an uncursed wand of sleep (0:7) W - an uncursed wand of speed monster (0:3) Tools C - an uncursed brass lantern e - a cursed lock pick m - a blessed partly used tallow candle (lit) Elenmirie the Knight's attributes: Background: You were a Bachelor, a level 8 female human Knight. You were lawful, on a mission for Lugh who was opposed by Brigit (neutral) and Manannan Mac Lir (chaotic). You were right-handed. You were in Sokoban, on level 5. You entered the dungeon 8646 turns ago. You had 1728 experience points, 832 more were needed to attain level 9. Basics: You had 0 out of 66 hit points. You had all 56 energy points (spell power). Your armor class was 3. Your wallet contained 278 zorkmids. Autopickup was on for '$' plus thrown. Final Characteristics: Your strength was 16 (limit:18/100). Your dexterity was 12 (limit:18). Your constitution was 15 (limit:18). Your intelligence was 9 (limit:18). Your wisdom was 14 (limit:18). Your charisma was 17 (limit:18). Final Status: You weren't hungry. You were unencumbered. You were wielding a long sword. You had expert skill with long sword. Final Attributes: You were piously aligned. You were level-drain resistant. You were warned. You had automatic searching. You could jump. You were warded. You are dead. Miscellaneous: You never encountered a bones level. Total elapsed playing time was 1 hour, 13 minutes and 1 second. Major events: Turn 1: elenmirie the lawful female human Knight entered the dungeon 700: entered the Gnomish Mines 1055: attained the rank of Esquire (level 3) 4022: signified by divine providence, was chosen to carry Excalibur 4688: attained the rank of Bachelor (level 6) 7432: entered Sokoban 7814: completed 1st Sokoban level 8578: completed 2nd Sokoban level 8646: killed by a soldier, while praying Vanquished creatures: a warg a warhorse 3 cockatrices a leprechaun a brown pudding 2 lizards a dog 2 housecats a gnome mummy a snake 4 fire ants an imp 3 water nymphs 5 Mordor orcs 3 Uruk-hai 4 rock piercers 3 rock moles a yellow light 2 shriekers 2 violet fungi 3 gnomish wizards 6 elf zombies 3 paper golems a baby crocodile 4 giant ants 2 little dogs 3 floating eyes a kitten 2 dwarves 2 homunculi 2 kobold leaders a kobold shaman 7 hill orcs 5 rothes 2 rabid rats a centipede a giant bat an orc zombie 4 dwarf zombies 2 wererats 2 iguanas 5 killer bees 3 acid blobs 2 coyotes a gas spore a large kobold 3 hobgoblins 2 green molds a red mold 4 gnomes a gecko 2 jackals 3 foxes 2 kobolds 6 goblins 9 sewer rats 2 grid bugs 3 lichens a kobold zombie 6 newts 154 creatures vanquished. No species were genocided or became extinct. Voluntary challenges: You read items or engraved 4 times. You never engraved Elbereth. You never genocided any monsters. You never changed form. You used no wishes. You did not violate any of the special Sokoban rules. Achievements: You entered the Gnomish Mines. You attained the rank of Esquire. You entered a shop. You attained the rank of Bachelor. You entered Sokoban. The Dungeons of Doom: levels 1 to 7 Level 1: Level 2: Stairs down to The Gnomish Mines. Level 3: Level 4: "stash" An altar to Lugh. Level 5: Level 6: Oracle of Delphi. Level 7: A scroll shop, a fountain. Stairs up to Sokoban, level 6. The Gnomish Mines: Level 3: Sokoban: levels 6 up to 5 Level 5: <- You were here. Solved. Final resting place for you, killed by a soldier, while praying. Level 6: Solved. Game over: ---------- / \ / REST \ / IN \ / PEACE \ / \ | elenmirie | | 278 Au | | killed by a | | soldier | | | | | | 2023 | *| * * * | * _________)/\\_//(\/(/\)/\//\/|_)_______ Fare thee well elenmirie the Knight... You died in Sokoban on dungeon level 5 with 7473 points, and 278 pieces of gold, after 8646 moves. You were level 8 with a maximum of 66 hit points when you died.